AoeStats
← bkg45

Lombardia

509711730Analyzed
4v4 RM · 3d ago on Sep 27, 2026· 15m 57s· 8 players
Game mode
Random Map
Map size
Large (8 player)
Population
200
Speed
Normal
Resources
Standard
Victory
Conquest
Starting age
Dark Age
Ending age
Imperial Age
RankedLock teamsTeams togetherTeam positionsShared explorationLock speedFull tech treeHidden civsTurbo modeCheats
Victory
Defeat
🇺🇸 Varangians · United States
1459
+13
🇺🇸 Dravidians · United States
1399
+15
🇺🇸 Khitans · United States
1373
+16
🇲🇽 Saracens · Mexico
1369
+16
🇦🇷 Mongols · Argentina
1437
-17
🇫🇷 Turks · France
1413
-16
🇬🇷 Goths · Greece
1354
-14
🇩🇪 Varangians · Germany
1340
-13
Ux'BorealTulip
5:04 Loom
8:59 Feudal Age
11:00 Double-Bit Axe
12:37 Fletching
el_Feist
8:51 Feudal Age
9:16 Loom
12:13 Bloodlines
15:27 Scale Barding Armor
some.spiced.ham
6:47 Loom
10:07 Feudal Age
11:42 Double-Bit Axe
13:59 Forging
bkg45
8:39 Loom
10:54 Feudal Age
12:35 Double-Bit Axe
12:31 Horse Collar
15:26 Castle Age
16:23 Bow Saw
16:14 Heavy Plow
Papiz96
9:52 Loom
11:40 Feudal Age
DH
6:53 Loom
9:38 Feudal Age
10:21 Double-Bit Axe
13:49 Horse Collar
too old for this new shit
6:57 Loom
8:47 Feudal Age
9:47 Double-Bit Axe
9:43 Horse Collar
13:47 Scale Barding Armor
14:44 Forging
[VYRE] Vantage
6:29 Loom
9:07 Feudal Age
12:17 Bloodlines
14:13 Scale Barding Armor
Connection lost

Rejoining the realm…

Still unreachable

The connection could not be restored.

Session expired

The server has moved on; the page needs a fresh start.